 Dungeon Sprint DCSS version 0.20-a0-1043-gbd57889 (webtiles) character file.

14 Krakonus1 the Ducker (level 3, -2/19 HPs)
             Began as a Felid Fighter on Apr 25, 2017.
             Was a Believer of Wu Jian.
             Killed from afar by a white imp (10 damage)
             ... with a puff of frost
             ... in the Dungeon (Sprint VI: "Thunderdome").
             The game lasted 00:03:42 (237 turns).

Krakonus1 the Ducker (Felid Fighter)                 Turns: 237, Time: 00:03:43

Health: -2/19      AC:  1    Str:  8    XL:     3   Next: 46%
Magic:  4/4        EV: 20    Int: 13    God:    Wu Jian [**....]
Gold:   40         SH:  0    Dex: 11    Spells: 2/2 levels left
                                        Lives:  0   Deaths: 0

rFire    + + +     SeeInvis +     - Unarmed
rCold    . . .     Gourm    .   (shield unavailable)
rNeg     . . .     Faith    +   (armour unavailable)
rPois    .         Spirit   .   (helmet unavailable)
rElec    .         Reflect  .   (cloak unavailable)
rCorr    .         Harm     .   (gloves unavailable)
MR       .....     NoTele   +   (boots unavailable)
Stlth    +.........             n - amulet "Riestuf" {Faith Int+4 Slay+2 SInv Stlth-}
Regen    0.1/turn               p - ring "Riutzaj" {rF+++ Str-4 Dex-5} (curse)
MPRegen  0.1/turn               (no ring)

@: quick
A: no armour, no weapons or thrown items, stealth, claws 1, fangs 3, see
invisible, carnivore 3, speed 1, shaggy fur 1, slow metabolism 1, sharp paws
a: Renounce Religion


You were in the Dungeon.
You worshipped Wu Jian.
Wu Jian was pleased with you.
You were not hungry.

You visited 1 branch You collected 220 gold pieces.
You spent 180 gold pieces at shops.

Inventory:

Jewellery
 m - the amulet "Peangul" {rPois MR+ Regen+ Dex+2}
   (You bought it in a shop in the Dungeon)

   [amulet of regeneration]

   It affects your dexterity (+2).
   It protects you from poison.
   It affects your resistance to hostile enchantments.
   It increases your rate of regeneration.
 n - the amulet "Riestuf" (around neck) {Faith Int+4 Slay+2 SInv Stlth-}
   (You bought it in a shop in the Dungeon)

   [amulet of faith]

   It allows you to gain divine favour quickly.
   It affects your intelligence (+4).
   It affects your accuracy and damage with ranged weapons and melee attacks
   (+2).
   It lets you see invisible.
   It makes you less stealthy.
 o - the amulet "Cowkinim" {Spirit rPois rC+, unknown}
   (You bought it in a shop in the Dungeon)

   [amulet of guardian spirit]

   It causes incoming damage to be split between your health and magic.
   It protects you from cold.
   It protects you from poison.
 p - the cursed ring "Riutzaj" (left paw) {rF+++ Str-4 Dex-5}
   (You bought it in a shop in the Dungeon)

   [ring of strength]

   It affects your strength (-4).
   It affects your dexterity (-5).
   It renders you almost immune to fire.
   It has a curse placed upon it.
Wands
 j - a wand of acid (3/15)
 k - a wand of iceblast (5/15)
Scrolls
 h - 4 scrolls of blinking
 l - 3 scrolls of fog
Potions
 a - a potion of might
 c - a potion of curing
 d - 4 potions of heal wounds
 e - 4 potions of haste
 f - 2 potions of magic
 g - a potion of berserk rage
 i - a potion of resistance
Comestibles
 b - a meat ration


   Skills:
 * Level 5.4 Fighting
 * Level 6.8 Dodging
 + Level 5.0 Unarmed Combat


You had 2 spell levels left.
You didn't know any spells.

Dungeon Overview and Level Annotations

Branches:
Dungeon (1/1)

Altars:
Cheibriados
Dithmenos
Fedhas
Gozag
Kikubaaqudgha
Makhleb
Okawaru
Qazlal
Ru
Sif Muna
Trog
Uskayaw
Vehumet
Wu Jian
Xom
Yredelemnul
Zin
The Shining One
Beogh
Jiyva
Lugonu

Shops:
D *[%??*?*:[((!!!!


Innate Abilities, Weirdness & Mutations

You cannot wear armour.
You are incapable of wielding weapons or throwing items.
Your paws allow you to move quietly. (Stealth)
You have sharp claws.
You have razor-sharp teeth.
You have supernaturally acute eyesight. (SInv)
You are carnivorous and can eat meat at any time.
You cover ground quickly.
You are covered in fur. (AC +1)
You have a slow metabolism.
Your sharp claws are effective at attacking unaware monsters.


Message History

The iron imp shouts, "Return whence thou came, thou venomed sow-suckled apple-john!"
A white imp comes into view.
The white imp gestures at you. The puff of frost misses you.
You spin and attack the iron imp.
You scratch the iron imp but do no damage.
A white imp comes into view.
You have no room to wall jump.
You spin and attack the iron imp.
You scratch the iron imp.
The iron imp is moderately wounded.
The iron imp closely misses you.
You spin and attack the iron imp.
You closely miss the iron imp.
The iron imp is moderately wounded.
The white imp gestures at you. The puff of frost hits you!
Ouch! That really hurt!
The white imp gestures at you. The puff of frost hits you!
Ouch! That really hurt!
You die...

##∩.....∩## #∩.......∩#
#_.....5._# #_......._#
#_........# ###......)..###
#⌠......5....⌠#
######.8.........8.######
#∩___......###..@5..___∩##
∩........8.# #.8........∩###
...........###.............##
........###...###..........⌠#
........# #.<.# #..........⌠#
........###...###..........⌠#
...........###.............##
∩........8.# #.8........∩###
#∩__.......###......___∩##


You could see an iron imp and 2 white imps.

Vanquished Creatures
  A howler monkey (D)
  2 dart slugs (D)
  A bat skeleton (D)
  A goblin (D)
  A rat (D)
6 creatures vanquished.

Notes
Turn   | Place    | Note
-------+----------+-------------------------------------------
     0 | D        | Krakonus1 the Felid Fighter began the quest for the Orb.
     0 | D        | Reached XP level 1. HP: 10/10 MP: 2/2
     1 | D        | Found a roughly hewn altar of Beogh.
     2 | D        | Found a shadowy altar of Dithmenos.
     2 | D        | Found a deep blue altar of Sif Muna.
     3 | D        | Found a snail-covered altar of Cheibriados.
     3 | D        | Found a shimmering altar of Xom.
     4 | D        | Found Voxoq's Distillery.
     4 | D        | Found a glowing silver altar of Zin.
     4 | D        | Found an ancient bone altar of Kikubaaqudgha.
     4 | D        | Found Ceretich's Do-It-Yourself Clinic.
     5 | D        | Found Toygitus's Distillery.
     5 | D        | Found Immulau's Bottled Wisdom.
     6 | D        | Found a hide-covered altar of Uskayaw.
     7 | D        | Found a corrupted altar of Lugonu.
     7 | D        | Found a radiant altar of Vehumet.
     7 | D        | Found a basalt altar of Yredelemnul.
     7 | D        | Found Riwagidd's Staff Store.
     7 | D        | Found Mismafoc's Magic Scroll Shop.
     7 | D        | Round 1.
     8 | D        | Found Bocal's Must-Have Magic.
     8 | D        | Found Keusei's Magic Scroll Shop.
    11 | D        | Found an ornate altar of the Wu Jian Council.
    12 | D        | Found a viscous altar of Jiyva.
    13 | D        | Found an iron altar of Okawaru.
    14 | D        | Found Womab's Bee Food.
    15 | D        | Found Reuwuto's Jewellery.
    15 | D        | Found Nyguynlu's Advanced Armour.
    19 | D        | Became a worshipper of the Wu Jian Council
    28 | D        | Found a glowing golden altar of the Shining One.
    28 | D        | Found a stormy altar of Qazlal.
    28 | D        | Found Dafid's Identification Station.
    32 | D        | Found a burning altar of Makhleb.
    43 | D        | Bought a clouded silver amulet for 45 gold pieces
    43 | D        | Bought a warped diamond amulet for 45 gold pieces
    43 | D        | Bought an ancient ruby amulet for 45 gold pieces
    43 | D        | Identified the amulet "Peangul" {rPois MR+ Regen+ Dex+2} (You bought it in a shop in the Dungeon)
    45 | D        | Identified the amulet "Riestuf" {Faith Int+4 Slay+2 SInv Stlth-} (You bought it in a shop in the Dungeon)
    86 | D        | Found a blossoming altar of Fedhas.
    90 | D        | Found a sacrificial altar of Ru.
    90 | D        | Found Ynoc's Weapon Rack.
    90 | D        | Found Efruhoip's Basic Armour.
    91 | D        | Found Mudeubus's Miscellaneous Merchandise.
    96 | D        | Found Giffeb's Premium Goods.
    96 | D        | Found a bloodstained altar of Trog.
    96 | D        | Found an opulent altar of Gozag.
   115 | D        | Noticed a howler monkey
   118 | D        | Killed a howler monkey
   118 | D        | Reached skill level 5 in Fighting
   118 | D        | Reached skill level 6 in Dodging
   118 | D        | Reached skill level 5 in Unarmed Combat
   118 | D        | Reached XP level 2. HP: 15/16 MP: 3/3
   118 | D        | Reached XP level 3. HP: 18/19 MP: 4/4
   141 | D        | Reached * piety under Wu Jian
   160 | D        | Reached ** piety under Wu Jian
   162 | D        | Arena points: 14 (+14) [x2]
   172 | D        | Bought a crude lapis lazuli ring for 45 gold pieces
   172 | D        | Identified the cursed ring "Riutzaj" {rF+++ Str-4 Dex-5} (You bought it in a shop in the Dungeon)
   223 | D        | Round 2.
   237 | D        | Killed from afar by a white imp

Vault maps used:
D:        arena_sprint

Skill      XL: |  1 |
---------------+----+-----
Fighting       | 5 |  5.4
Dodging        | 6 |  6.8
Unarmed Combat | 5 |  5.0

Action                   || total
-------------------------++-------
Melee: Unarmed           ||    13
       Punch             ||     1
       Bite              ||     2
Evoke: Wand              ||     2
Armor: Skin              ||     1
Dodge: Dodged            ||    10
